 Dungeon Crawl Stone Soup version 0.25.1-2-g60ff931df9 (webtiles) character file.

Game seed: 6682151161010060754

1178 gruber the Ruffian (level 8, -5/59 HPs)
             Began as a Black Draconian Transmuter on Oct 4, 2020.
             Slain by a wight
             ... wielding a cursed +3 hand axe
              (6 damage)
             ... on level 5 of the Dungeon.
             The game lasted 00:06:25 (6787 turns).

gruber the Ruffian (Black Draconian Transmuter)     Turns: 6787, Time: 00:06:26

Health: -5/59      AC:  2    Str: 12    XL:     8   Next: 18%
Magic:  0/11       EV: 18    Int: 17    God:
Gold:   360        SH:  0    Dex: 16    Spells: 1/11 levels left

rFire    . . .     SeeInvis .     - Unarmed
rCold    . . .     Gourm    .   (shield currently unavailable)
rNeg     . . .     Faith    .   (armour unavailable)
rPois    x         Spirit   .   (helmet currently unavailable)
rElec    .         Reflect  .   (cloak currently unavailable)
rCorr    .         Harm     .   (gloves currently unavailable)
MR       .....                  (boots currently unavailable)
Stlth    +++.......             (no amulet)
HPRegen  0.19/turn              e - ring of stealth
MPRegen  0.12/turn              f - ring of stealth

@: spider-form (expiring), very slightly contaminated, drained
A: tiny, (breathe lightning), unfitting armour, AC +6
a: End Transformation


You were on level 5 of the Dungeon.
You were not hungry.
You were a venomous arachnid creature.
You visited 1 branch of the dungeon, and saw 6 of its levels.

You collected 360 gold pieces.

Inventory:

Missiles
 a - 118 arrows
 b - 65 poisoned darts (quivered)
 B - 2 javelins
Armour
 q - a +0 pair of gloves (melded)
Jewellery
 d - an uncursed ring of ice
 e - a ring of stealth (left front leg)
 f - a ring of stealth (right front leg)
 y - an uncursed ring of ice
Wands
 n - a wand of iceblast (9)
 A - a wand of enslavement (13)
 D - a wand of disintegration (7)
Scrolls
 g - a scroll of amnesia {unknown}
 h - 3 scrolls of remove curse {unknown}
 j - 5 scrolls of identify {unknown}
 k - a scroll of teleportation {unknown}
 l - 2 scrolls of enchant armour {unknown}
 p - 2 scrolls of random uselessness {unknown}
 v - 2 scrolls of enchant weapon {unknown}
 z - a scroll of magic mapping {unknown}
Potions
 i - 2 potions of magic {unknown}
 m - a potion of ambrosia {unknown}
 o - a potion of resistance {unknown}
 r - 2 potions of haste {unknown}
 s - a potion of cancellation {unknown}
 t - a potion of lignification {unknown}
 u - 4 potions of degeneration {unknown}
 w - a potion of experience {unknown}
 x - a potion of berserk rage {unknown}
Comestibles
 c - 10 rations
 C - a chunk of flesh


   Skills:
 - Level 1.1(0.5) Fighting
 - Level 1.7(1.2) Dodging
 - Level 6.4(5.7) Unarmed Combat
 - Level 2.0(1.4) Spellcasting
 * Level 5.8(5.2) Transmutations
 - Level 4.0(3.4) Ice Magic
 - Level 2.2(1.6) Poison Magic
 - Level 2.2(1.7) Evocations


You had one spell level left.
You knew the following spells:

 Your Spells              Type           Power        Failure   Level  Hunger
a - Beastly Appendage     Tmut           ###...       9%          1    ##.....
b - Sticks to Snakes      Tmut           ###.....     12%         2    ###....
c - Spider Form           Tmut/Pois      ##........   34%         3    ####...
d - Ice Form              Ice/Tmut       ###.....     56%         4    #####..

Your spell library contained the following spells:

 Spells                   Type           Power        Failure   Level  Hunger
 Blade Hands              Tmut           ###.......   75%         5    ######.


Dungeon Overview and Level Annotations

Branches:
Dungeon (6/15)
 Temple: D:4-7

Altars:
Gozag

Shops:
D:4 *   D:6 =

Annotations:
D:6 Edmund


Innate Abilities, Weirdness & Mutations

((You can breathe wild blasts of lightning.))
((Your glossy black scales are hard. (AC +6)))
You cannot fit into any form of body armour.
((You are resistant to electric shocks. (rElec)))
((You are cold-blooded and may be slowed by cold attacks.))


Message History

You are very lightly contaminated with residual magic.
Nothing appears to happen.
Unknown command.
Unknown command.
Unknown command.
Unknown command.
You barely miss the wight.
The wight is heavily damaged.
The wight hits you with a cursed +3 hand axe.
* * * LOW HITPOINT WARNING * * *
Okay, then.
You hit the wight.
The wight is heavily damaged.
The wight hits you with a cursed +3 hand axe.
* * * LOW HITPOINT WARNING * * *
You feel drained.
You hit the wight but do no damage.
The wight is heavily damaged.
The wight hits you with a cursed +3 hand axe.
You die...

#.##.#.# #....
#..#.#.##########....
####.#.#.##.......#....
#########........##.#####.#....
###.......#.##...####.# #.#####
..#.......'...#..# #.# #.#
..#.......#.....<# #.# #.#
..###.#######.#.z# #.# #.#####
..#..[..........s# #.# #......
..#.#.#######.####
#.########### ..#.#.#
####.#######.#..........
..#.#.#
#............#.#########
..#.#.####...##########.#
..#.#..........# #.#########
###.######...#.# #.#........
#.# #...#.# #.#.####### #.#
#...#.# #.#.#


You could see a wight.

Vanquished Creatures
  Sigmund (D:6)
  A water moccasin (D:5)
  2 ogres (D:4)
  2 centaurs (D:6)
  A bullfrog (D:6)
  A scorpion (D:4)
  2 wights (D:6)
  A jelly (D:5)
  An orc priest (D:5)
  An orc wizard (D:4)
  Jessica (D:2)
  3 worker ants
  An iguana (D:5)
  4 adders (D:3)
  A shadow imp (D:5)
  An adder skeleton (D:4)
  An adder zombie (D:5)
  2 worms
  3 dart slugs
  2 leopard geckos
  26 orcs
  2 ball pythons
  4 giant cockroaches
  3 goblins
  5 hobgoblins
  4 jackals (D:2)
  6 quokkas
  5 bats
  4 frilled lizards
  A jackal skeleton (D:4)
  A jackal zombie (D:5)
  5 kobolds
  2 leopard gecko skeletons
  4 rats
104 creatures vanquished.

Vanquished Creatures (collateral kills)
  A giant cockroach (D:3)
  A frilled lizard (D:2)
2 creatures vanquished.

Grand Total: 106 creatures vanquished

Notes
Turn   | Place    | Note
-------+----------+-------------------------------------------
     0 | D:1      | gruber the Draconian Transmuter began the quest for the
                  | Orb.
     0 | D:1      | Reached XP level 1. HP: 16/16 MP: 3/3
   314 | D:1      | Reached XP level 2. HP: 23/23 MP: 5/5
   552 | D:2      | Reached skill level 4 in Unarmed Combat
   586 | D:2      | Noticed Jessica
   592 | D:2      | Killed Jessica
   592 | D:2      | Reached XP level 3. HP: 28/28 MP: 4/6
   596 | D:2      | Learned a level 2 spell: Sticks to Snakes
   600 | D:2      | Learned a level 3 spell: Spider Form
  1291 | D:3      | Reached XP level 4. HP: 25/35 MP: 5/7
  1293 | D:3      | Reached skill level 5 in Unarmed Combat
  2348 | D:4      | Found an opulent altar of Gozag.
  2351 | D:4      | Found Gozag's Platinum Reserve.
  2394 | D:4      | Noticed an ogre
  2410 | D:4      | Killed an ogre
  2410 | D:4      | Reached skill level 6 in Unarmed Combat
  2410 | D:4      | Reached XP level 5. HP: 40/40 MP: 2/8
  2896 | D:4      | Reached XP level 6. HP: 42/47 MP: 9/9
  3101 | D:4      | Reached skill level 1 in Poison Magic
  4171 | D:5      | Entered Level 5 of the Dungeon
  4534 | D:5      | Your scales start taking on a glossy black colour.
  4534 | D:5      | Reached XP level 7. HP: 31/52 MP: 7/10
  4534 | D:5      | Gained mutation: You are resistant to electric shocks.
                  | (rElec) [Black Draconian growth]
  5214 | D:5      | Learned a level 4 spell: Ice Form
  5224 | D:5      | Reached skill level 5 in Transmutations
  5852 | D:6      | Reached skill level 1 in Ice Magic
  5852 | D:6      | Reached skill level 1 in Evocations
  6022 | D:6      | Noticed Edmund
  6361 | D:6      | Noticed Sigmund
  6376 | D:6      | Killed Sigmund
  6376 | D:6      | Reached XP level 8. HP: 43/59 MP: 8/11
  6705 | D:6      | Found Uzamm's Jewellery Shop.
  6786 | D:5      | HP: 1/59 [wight/cursed +3 hand axe (2)]
  6787 | D:5      | Slain by a wight

Illustrated notes

Levels and vault maps discovered:
D:1:      lightli_molten_gateway, layout_rooms, hangedman_decor_lopped
D:2:      layout_basic, hangedman_decor_growths, minmay_fractal_squares_5,
          uniq_jessica
D:3:      layout_loops_ring, minivault_23, chequers_serial_rivers_small_b
D:4:      minmay_spotlight, layout_loops_corners, first_ration,
          nicolae_gozag_zags_fifth_avenue
D:5:      layout_basic
D:6:      layout_loops_cross, serial_shops, shop, minmay_misc_feat_room,
          okawaru_metal_pillars_1_2, uniq_edmund, uniq_sigmund

Skill      XL: |  1  2  3  4  5  6  7  8 |
---------------+-------------------------+-----
Unarmed Combat | 4 6 |  6.4
Poison Magic   | 2 |  2.2
Transmutations | 4 5 |  5.8
Ice Magic      | 3 4 |  4.0
Evocations     | 2 |  2.2
Fighting       | |  1.1
Dodging        | |  1.7
Spellcasting   | |  2.0

Action                   |  1- 3 |  4- 6 |  7- 9 || total
-------------------------+-------+-------+-------++-------
Melee: Unarmed           |   100 |   161 |    93 ||   354
       Tailslap          |     5 |    10 |       ||    15
       Kick              |     2 |     4 |       ||     6
       Headbutt          |     1 |     2 |       ||     3
       Punch             |     1 |     1 |       ||     2
Throw: Dart              |       |     1 |       ||     1
 Cast: Beastly Appendage |     7 |     8 |       ||    15
       Sticks to Snakes  |     4 |     2 |     7 ||    13
       Spider Form       |       |    11 |    10 ||    21
       Ice Form          |       |       |     1 ||     1
 Abil: Breathe Lightning |       |       |     1 ||     1
  Use: Potion            |       |     1 |     1 ||     2
 Stab: Sleeping          |     7 |    21 |     4 ||    32
  Eat: Chunk             |     2 |    12 |     9 ||    23
Armor: Skin              |    19 |    20 |     6 ||    45
Dodge: Dodged            |    56 |    93 |    57 ||   206
